Map: Acid Plant LE

Players

MediamanoEZ

  • Race: Protoss Protoss
  • Spawn Location: 11:00

Harstem - Winner!

  • Race: Protoss Protoss
  • Spawn Location: 5:00

Event: WCS Valencia 2018

VOD

Have the link to the VOD?

Description

Time

  • Played on: July 12, 2018, 6:21 a.m.
  • Length: 5:25

All games in this series

Show
View Real Time Build Order
Export as new Build Order

MediamanoEZ Protoss 

Build Orders: Phoenix Opening 

Get SALT Encoding   

  12  0:01  Probe  
  13  0:13  Probe  
  14  0:19  Pylon  
  14  0:25  Probe  
  15  0:33  Probe  
  15  0:39  Gateway  
  15  0:41  Probe  
  17  0:51  Probe  
  18  0:58  Assimilator  
  18  1:03  Probe  
  19  1:05  Assimilator  
  19  1:11  Gateway  
  19  1:14  Probe  
  20  1:22  Probe  
  20  1:27  Cybernetics Core  
  20  1:30  Probe  
  22  1:44  Pylon  
  22  1:45  Probe  
  23  2:02  Probe  
  23  2:03  Adept  
  23  2:04  Adept  
  23  2:05  Warp Gate  
  28  2:09  Pylon  
  28  2:17  Pylon  
  28  2:32  Stargate  
  27  2:47  Nexus  
  27  2:50  Probe  
  28  2:58  Pylon  
  24  3:06  Stalker  
  26  3:15  Phoenix  
  28  3:20  Stalker  
  30  3:30  Pylon  
  30  3:36  Phoenix  
  30  3:47  Pylon  
  32  3:50  Stalker  
  34  4:01  Stalker  
  36  4:03  Pylon  
  36  4:08  Phoenix  
  34  4:30  Gateway  
  34  4:36  Pylon  
  34  4:37  Pylon  
  33  4:49  Stalker x2  
  32  4:57  Probe  
  28  5:09  Probe  
Show
View Real Time Build Order
Export as new Build Order

Harstem Protoss - Winner!

Build Orders: Oracle Opening 

Get SALT Encoding   

  12  0:01  Probe  
  13  0:13  Probe  
  14  0:17  Pylon  
  14  0:24  Probe  
  15  0:32  Probe  
  15  0:38  Gateway  
  15  0:40  Probe  
  16  0:47  Assimilator  
  17  0:51  Probe  
  17  0:55  Assimilator  
  18  1:02  Probe  
  19  1:08  Gateway  
  19  1:10  Probe  
  20  1:18  Probe  
  21  1:28  Cybernetics Core  
  21  1:30  Probe  
  22  1:37  Pylon  
  22  1:42  Probe  
  23  2:04  Probe  
  23  2:05  Warp Gate, Adept x2  
  23  2:07  Pylon  
  28  2:16  Stargate  
  28  2:32  Adept x2  
  32  2:41  Pylon  
  32  2:58  Oracle  
  32  2:59  Adept x2  
  39  3:26  Nexus  
  39  3:31  Twilight Council  
  39  3:36  Probe  
  39  3:46  Probe  
  40  3:54  Probe  
  40  3:55  Pylon  
  41  4:17  Probe  
  41  4:24  Stalker x2  
  44  4:29  Probe  
  47  4:38  Robotics Facility  
  45  4:41  Probe  
  46  4:48  Probe  
  47  4:53  Probe  
  47  4:57  Probe  
  47  4:58  Stalker  
  47  4:59  Stalker  
  46  5:01  Probe  
  46  5:05  Probe  
  44  5:09  Pylon  
  44  5:10  Probe  
  46  5:17  Gateway  
Tags
 
Add a new tag
Caveats
  • Supply blocks, unpowered buildings, or Contaminate may cause inaccurate times.
  • Supply counts are checked every 10 seconds.